 Dungeon Crawl Stone Soup version bcrawl-1.23.3-19-gdc5968f444 (webtiles) character file.

Game seed: 10041456782497621284

413 Freyura the Shield-Bearer (level 6, -9/38 HPs)
             Began as a Gargoyle Fighter on June 10, 2020.
             Was a Follower of the Shining One.
             Killed by divine providence
             ... invoked by an orc priest
              (10 damage)
             ... on level 4 of the Dungeon.
             The game lasted 00:12:11 (4169 turns).

Freyura the Shield-Bearer (Gargoyle Fighter)        Turns: 4169, Time: 00:12:12

Health: -9/38      AC: 22    Str: 20    XL:     6   Next: 91%
Magic:  7/7        EV: 13    Int: 10    God:    the Shining One [*.....]
Gold:   181        SH: 10    Dex: 16    Spells: 5/5 levels left

rFire    . . .     SeeInvis .   h - +2 mace (protect)
rCold    . . .     Gourm    .   c - +0 medium shield
rNeg     + . .     Faith    .   b - +0 scale mail
rPois    ∞         Spirit   .   a - +1 helmet
rElec    +         Reflect  .   s - +1 cloak
rCorr    .         Harm     .   (no gloves)
MR       .....                  (no boots)
Stlth    +.........             (no amulet)
HPRegen  0.12/turn              t - +2 ring of evasion
MPRegen  0.10/turn              (no ring)

@: agile, protection aura, glowing
A: clever 1, negative energy resistance 1, electricity resistance, unbreathing,
petrification resistance, rot immunity, subdued magic 1, AC +4
a: Renounce Religion


You were on level 4 of the Dungeon.
You worshipped the Shining One.
The Shining One was aware of your devotion.
You were hungry.

You visited 1 branch of the dungeon, and saw 4 of its levels.

You collected 298 gold pieces.
You spent 117 gold pieces at shops.

Inventory:

Hand Weapons
 h - a +2 mace of protection (weapon)
 n - the +2 Maxwell's thermic engine {flame, freeze}
   (You found it on level 4 of the Dungeon)

   It has been specially enchanted to burn those struck by it, causing extra
   injury to most foes and up to half again as much damage against particularly
   susceptible opponents.
   Big, fiery blades are also staple armaments of hydra-hunters.
 r - a +0 flail of holy wrath
Armour
 a - a +1 helmet (worn)
 b - a +0 scale mail (worn)
 c - a +0 medium shield (worn)
 l - a +0 helmet
 s - a +1 cloak (worn)
Jewellery
 m - an uncursed ring of wizardry
 t - a +2 ring of evasion (left hand)
Wands
 k - a wand of iceblast (8)
 p - a wand of acid (4)
Scrolls
 f - 4 scrolls of identify
 q - a scroll of immolation
Potions
 d - 2 potions of might
 g - 3 potions of curing
 j - 2 potions of agility
 o - a potion of haste
Comestibles
 e - 7 rations {!d}


   Skills:
 + Level 4.2 Fighting
 * Level 4.1 Maces & Flails
 + Level 4.2 Armour
 + Level 1.6 Dodging
 + Level 4.3 Shields
 + Level 1.9 Invocations
 + Level 1.5 Evocations


You had 5 spell levels left.
You didn't know any spells.
Your spell library was empty.

Dungeon Overview and Level Annotations

Branches:
Dungeon (4/12)
 Temple: D:4-7

Altars:
Gozag
Hepliaklqana
Kikubaaqudgha
Makhleb
Yredelemnul
Zin
The Shining One

Shops:
D:2 *   D:4 *


Innate Abilities, Weirdness & Mutations

You are resistant to torment.
Your stone body is resilient. (AC +4)
You are immune to poison.
You resist negative energy. (rN+)
You are resistant to electric shocks. (rElec)
You can survive without breathing.
You are immune to petrification.
You are immune to rotting.
Your mind is acute. (Int +2)
Your spells are a little easier to cast, but a little less powerful.


Message History

The orc priest hits you but does no damage.
The orc priest calls down the wrath of Beogh upon you.
Beogh smites you!
* * * LOW HITPOINT WARNING * * *
You hit the orc priest.
The orc priest is severely wounded.
You block the orc's attack. You block the orc priest's attack.
The orc hits you but does no damage.
You hit the orc priest.
The orc priest is almost dead.
The orc priest closely misses you.
The orc priest mumbles some strange prayers to Beogh against you.
Pain shoots through your body!
* * * LOW HITPOINT WARNING * * *
You block the orc's attack.
The orc priest hits you but does no damage.
You feel agile all of a sudden.
The orc priest invokes the aid of Beogh against you.
Beogh smites you!
You die...

..#####......#
*,*
....###......#
*.#
##......######
*.# .....####
*.#
####....####
*.# ####....###
##.###
####...###....#
###........#
#####@o..#
#oo..# #....#
#....# #....#
#....# #.[..#
#....# ******


You could see 2 orc priests and an orc.

Vanquished Creatures
  A bullfrog (D:4)
  A wight (D:4)
  A howler monkey (D:4)
  A crimson imp (D:4)
  A hound (D:4)
  An orc wizard (D:4)
  A worker ant (D:4)
  A hound skeleton (D:4)
  4 adders
  An ooze (D:1)
  An adder skeleton (D:4)
  4 worms
  A dart slug (D:2)
  4 leopard geckos
  4 orcs
  2 giant cockroaches
  3 goblins
  9 hobgoblins
  2 jackals (D:1)
  16 kobolds
  5 quokkas
  3 ball pythons
  5 bats
  5 frilled lizards
  2 quokka skeletons (D:4)
  5 rats
  6 bushes (D:2)
  2 plants (D:2)
92 creatures vanquished.

Vanquished Creatures (others)
  A hobgoblin (D:2)
1 creature vanquished.

Grand Total: 93 creatures vanquished

Notes
Turn   | Place    | Note
-------+----------+-------------------------------------------
     0 | D:1      | Freyura the Gargoyle Fighter began the quest for the Orb.
     0 | D:1      | Reached XP level 1. HP: 14/14 MP: 1/1
    84 | D:1      | Reached XP level 2. HP: 19/19 MP: 2/2
   665 | D:1      | Reached XP level 3. HP: 22/23 MP: 3/3
   962 | D:2      | Found an opulent altar of Gozag.
   962 | D:2      | Found Gozag's Platinum Reserve.
  1050 | D:2      | Found a glowing golden altar of the Shining One.
  1053 | D:2      | Found a basalt altar of Yredelemnul.
  1057 | D:2      | Noticed an angel
  1062 | D:2      | Became a worshipper of the Shining One
  1206 | D:2      | Found a faded altar of an unknown god.
  1300 | D:2      | Noticed a profane servitor
  1861 | D:2      | Reached XP level 4. HP: 28/28 MP: 4/4
  2651 | D:3      | Found a hazy altar of Hepliaklqana.
  2813 | D:3      | Found a burning altar of Makhleb.
  2813 | D:3      | Found a glowing silver altar of Zin.
  2814 | D:3      | Found an ancient bone altar of Kikubaaqudgha.
  3282 | D:3      | Gained mutation: Your spells are a little easier to cast,
                  | but a little less powerful. [potion of mutation]
  3282 | D:3      | Gained mutation: Your mind is acute. (Int +2) [potion of
                  | mutation]
  3517 | D:4      | Noticed a bullfrog
  3525 | D:4      | Killed a bullfrog
  3525 | D:4      | Reached skill level 1 in Dodging
  3525 | D:4      | Reached skill level 1 in Invocations
  3525 | D:4      | Reached XP level 5. HP: 22/33 MP: 5/5
  3551 | D:4      | Reached skill level 1 in Evocations
  3769 | D:4      | Reached XP level 6. HP: 38/38 MP: 7/7
  3816 | D:4      | Found Piuvus's Assorted Antiques.
  3818 | D:4      | Found the +2 Maxwell's thermic engine {flame, freeze}
  3845 | D:4      | Bought a cloak for 81 gold pieces
  3845 | D:4      | Bought a scroll of identify for 36 gold pieces
  4151 | D:4      | Reached * piety under the Shining One
  4168 | D:4      | HP: 1/38 [orc priest/nerve-wracking pain (2)]
  4169 | D:4      | Killed from afar by an orc priest

Skill      XL: |  1  2  3  4  5  6 |
---------------+-------------------+-----
Maces & Flails | 3 4 |  4.1
Fighting       | 4 |  4.2
Armour         | 4 |  4.2
Dodging        | 1 |  1.6
Shields        | 4 |  4.3
Invocations    | 1 |  1.9
Evocations     | 1 |  1.5

Action                   |  1- 3 |  4- 6 || total
-------------------------+-------+-------++-------
Melee: Flail             |    71 |       ||    71
       Mace              |   131 |   586 ||   717
  Use: Scroll            |       |    12 ||    12
       Potion            |       |     2 ||     2
  Eat: Chunk             |     3 |     6 ||     9
       Ration            |       |     1 ||     1
Armor: Scale mail        |   106 |   122 ||   228
Dodge: Dodged            |    37 |    48 ||    85
Block: Medium shield     |   107 |    89 ||   196
